 Dungeon Crawl Stone Soup version 0.27.1-1-g398f81649c (webtiles) character file.

Game seed: 7179872547365704974

2405 acemry the Cleaver (level 9, -15/70 HPs)
             Began as a Minotaur Fighter on Sept 5, 2021.
             Shot with a sling bullet by Joseph (18 damage)
             ... on level 7 of the Dungeon.
             The game lasted 00:09:25 (6790 turns).

acemry the Cleaver (Minotaur Fighter)               Turns: 6790, Time: 00:09:25

Health: -15/70     AC:  9    Str: 23    XL:     9   Next: 23%
Magic:  8/8        EV:  9    Int:  5    God:
Gold:   232        SH:  0    Dex: 11    Spells: 8/8 levels left

rFire    + . .     SeeInvis .   a - +1 war axe (vorpal)
rCold    . . .     Faith    .   (no shield)
rNeg     . . .     Spirit   .   b - +1 scale mail
rPois    .         Reflect  .   (helmet restricted)
rElec    .         Harm     .   (no cloak)
rCorr    .         Rampage  .   (no gloves)
Will     .....                  g - +0 pair of boots
Stlth    ..........             (no amulet)
HPRegen  0.21/turn              e - ring of protection from fire
MPRegen  0.11/turn              (no ring)

@: hasted, very quick
A: horns 2, retaliatory headbutt
a: no special abilities


You were on level 7 of the Dungeon.
You visited 2 branches of the dungeon, and saw 8 of its levels.

You collected 274 gold pieces.
You spent 42 gold pieces at shops.

Inventory:

Hand Weapons
 a - a +1 vorpal war axe (weapon)
Missiles
 f - 32 bolts
 l - a throwing net (quivered)
Armour
 b - a +1 scale mail (worn)
 c - a +0 kite shield
 g - a +0 pair of boots (worn)
 p - a +0 tower shield
Jewellery
 e - a ring of protection from fire (left hand)
Wands
 n - a wand of charming (7)
 o - a wand of iceblast (7)
Scrolls
 j - 2 scrolls of teleportation
 k - a scroll of fog
 m - 3 scrolls of identify
Potions
 d - 2 potions of might
 h - a potion of haste
 i - a potion of flight


   Skills:
 - Level 3.6 Fighting
 + Level 14.2 Axes
 - Level 3.6 Armour
 - Level 3.6 Shields


You had 8 spell levels left.
You didn't know any spells.
Your spell library contained the following spells:

 Spells                   Type           Power      Damage    Failure   Level
 Corpse Rot               Necr/Air       N/A        N/A       89%         2
 Stone Arrow              Conj/Erth      0%         3d7       98%         3
 Animate Armour           Summ/Erth      0%         N/A       100%        4
 Dispel Undead            Necr           0%         3d6       100%        4
 Death Channel            Necr           0%         N/A       100%        6
 Lehudib's Crystal Spear  Conj/Erth      0%         10d2      100%        8


Dungeon Overview and Level Annotations

Branches:
Dungeon (7/15)             Temple (1/1) D:4

Altars:
Ashenzari
Cheibriados
Fedhas
Gozag
Kikubaaqudgha
Makhleb
Qazlal
Ru
Sif Muna
Trog
Uskayaw
Vehumet
Wu Jian
Xom
Yredelemnul
Zin
The Shining One

Shops:
D:4 *

Annotations:
D:7 Joseph


Innate Abilities, Weirdness & Mutations

You have a pair of horns on your head.
You reflexively headbutt those who attack you in melee.


Message History

You miss the sky beast.
The sky beast is heavily wounded.
The sky beast flickers out of sight!
Deactivating autopickup; reactivate with Ctrl-A.
Something hits you but does no damage. Something hits you.
Something shocks you.
You hit something but do no damage. Something hits you but does no damage.
You miss something. Your headbutt misses something. You miss something.
You headbutt something.
A sky beast appears from thin air!
Reactivating autopickup.
The sky beast closely misses you.
You slash the sky beast! Your headbutt misses the sky beast.
The sky beast is almost dead.
The sky beast flickers out of sight!
Deactivating autopickup; reactivate with Ctrl-A.
Something hits you. Something shocks you.
You slash something!
Reactivating autopickup.
You feel a bit more experienced.
You enter the shallow water.
Moving in this stuff is going to be slow.
You now have 232 gold pieces (gained 7).
Found a wand of charming (6).
Joseph, a Mercenary comes into view.
He is wielding a +1 spectral quarterstaff.
Joseph shouts!
Joseph unwields a +1 spectral quarterstaff.
Joseph wields a +0 hunting sling.
Joseph shoots a sling bullet.
The sling bullet barely misses you.
Joseph is nearby!
Joseph shoots a sling bullet.
The sling bullet closely misses you.
Found a potion of haste and a ring mail.
Joseph shoots a sling bullet.
The sling bullet hits you!
Joseph shoots a sling bullet.
The sling bullet hits you!
Joseph shoots a sling bullet.
The sling bullet hits you!
You are too injured to fight recklessly!
You feel yourself speed up.
Joseph shoots a sling bullet.
The sling bullet hits you!!
* * * LOW HITPOINT WARNING * * *
Joseph shoots a sling bullet.
The sling bullet hits you!!
You die...

..# .. ... # . ...
... .#.. ....#
#.###.....
#....###...#.....
.....#..@....... ..
.............[..
#.. #.....@/.....#
...###.............
.....#...........##
..................#
!#..............# .
##..............
##. #...###........
....##...#
.........
8.......####.......


You could see Joseph.

Vanquished Creatures
  3 yaks (D:5)
  Duvessa (D:6)
  A black bear (D:7)
  A sky beast (D:7)
  A necrophage (D:5)
  2 ogres
  4 scorpions
  Dowan (D:6)
  7 killer bees
  6 jellies
  A bullfrog zombie (D:5)
  5 hounds
  3 orc priests
  2 bullfrog skeletons
  An iguana (D:6)
  3 orc wizards
  A killer bee zombie (D:7)
  A hound skeleton (D:4)
  6 river rats (D:5)
  3 adders
  2 shadow imps (D:6)
  2 white imps
  An ufetubus (D:6)
  An adder skeleton (D:4)
  2 dart slugs
  15 orcs
  10 ball pythons
  6 endoplasms
  4 giant cockroaches
  4 hobgoblins
  3 jackals (D:2)
  8 quokkas (D:5)
  8 bats
  4 frilled lizards
  8 goblins
  8 kobolds
  16 rats
155 creatures vanquished.

Notes
Turn   | Place    | Note
-------+----------+-------------------------------------------
     0 | D:1      | acemry the Minotaur Fighter began the quest for the Orb.
     0 | D:1      | Reached XP level 1. HP: 19/19 MP: 0/0
    81 | D:1      | Reached skill level 3 in Axes
   238 | D:1      | Reached XP level 2. HP: 26/26 MP: 1/1
   670 | D:1      | Reached skill level 4 in Axes
   720 | D:2      | Reached XP level 3. HP: 30/31 MP: 2/2
  1289 | D:2      | Found a faded altar of an unknown god.
  1456 | D:2      | Reached skill level 5 in Axes
  1922 | D:3      | Reached XP level 4. HP: 33/39 MP: 3/3
  2746 | D:4      | Found a staircase to the Ecumenical Temple.
  2758 | Temple   | Entered the Ecumenical Temple
  3013 | D:4      | Reached skill level 6 in Axes
  3293 | D:4      | Noticed a scorpion
  3297 | D:4      | Killed a scorpion
  3298 | D:4      | Reached XP level 5. HP: 45/45 MP: 4/4
  3383 | D:4      | Found Leocusun's Assorted Antiques.
  3394 | D:4      | Bought a scroll labelled QAASOAQEVU for 21 gold pieces
  3394 | D:4      | Bought a scroll labelled KUYNUWKOUZ for 21 gold pieces
  3432 | D:4      | Reached skill level 7 in Axes
  3559 | D:4      | Reached XP level 6. HP: 30/51 MP: 5/5
  3742 | D:4      | Reached skill level 8 in Axes
  4239 | D:5      | Entered Level 5 of the Dungeon
  4258 | D:5      | Noticed a yak
  4260 | D:5      | Noticed a yak
  4260 | D:5      | Noticed a yak
  4267 | D:5      | Killed a yak
  4268 | D:5      | Reached skill level 9 in Axes
  4268 | D:5      | Reached XP level 7. HP: 49/57 MP: 6/6
  4274 | D:5      | Killed a yak
  4275 | D:5      | Reached skill level 10 in Axes
  4279 | D:5      | Killed a yak
  4689 | D:5      | Reached skill level 11 in Axes
  4761 | D:5      | Reached XP level 8. HP: 56/64 MP: 7/7
  5330 | D:5      | Reached skill level 12 in Axes
  5697 | D:6      | Reached skill level 13 in Axes
  5887 | D:6      | Noticed Duvessa
  5887 | D:6      | Noticed Dowan
  5905 | D:6      | Killed Duvessa
  5906 | D:6      | Killed Dowan
  6058 | D:6      | Reached XP level 9. HP: 65/70 MP: 8/8
  6491 | D:6      | Found a shimmering blue altar of Sif Muna.
  6516 | D:7      | Reached skill level 14 in Axes
  6784 | D:7      | Noticed Joseph
  6789 | D:7      | HP: 3/70 [Joseph/sling bullet (22)]
  6790 | D:7      | Shot with a sling bullet by Joseph

Illustrated notes

Levels and vault maps discovered:
D:1:      giann_wishing_wells, layout_basic
D:2:      layout_loops_ring, hellmonk_ecumenical_altar_zigzags,
          nrook_mini_backslash, kennysheep_generic_room_3, uniq_terence
D:3:      layout_basic
D:4:      layout_cave_pods, minmay_temple_entry_stoned_glass,
          serial_bayou_pond_c, nicolae_stop_n_shop_2, minmay_cut_off
D:5:      lemuel_ratsnest, layout_loops_ring, minmay_liquid_box
D:6:      layout_rooms, led_sif_pool, uniq_duvessa
D:7:      layout_cave_pools, serial_shops, shop, small_statue_alley_b,
          uniq_crazy_yiuf_cottage, uniq_joseph, uniq_prince_ribbit1
Temple:   nicolae_temple_elliptical

Skill      XL: |  1  2  3  4  5  6  7  8  9 |
---------------+----------------------------+-----
Axes           | 3 4 5 6 7 9 11 13 14 | 14.2
Fighting       | |  3.6
Armour         | |  3.6
Shields        | |  3.6

Action                   |  1- 3 |  4- 6 |  7- 9 || total
-------------------------+-------+-------+-------++-------
Melee: War axe           |    93 |    68 |   193 ||   354
       Headbutt          |     8 |     7 |    35 ||    50
  Use: Scroll            |     3 |     8 |     1 ||    12
       Potion            |       |       |     5 ||     5
Armor: Scale mail        |    63 |    24 |    56 ||   143
Dodge: Dodged            |    55 |    28 |    88 ||   171
